 Dungeon Crawl Stone Soup version bcrawl-1.21.2-1-g32d02e0829 (webtiles) character file.

Game seed: 9429418941806606634

380 Freyura the Shield-Bearer (level 7, -4/49 HPs)
             Began as a Formicid Fighter on Feb 22, 2020.
             Was a Follower of Ashenzari.
             Slain by a gnoll
             ... wielding a cursed -2 spear
              (7 damage)
             ... on level 4 of the Dungeon.
             The game lasted 00:09:55 (3056 turns).

Freyura the Shield-Bearer (Formicid Fighter)        Turns: 3056, Time: 00:09:55

Health: -4/49      AC:  9    Str: 20    XL:     7   Next: 4%
Magic:  7/7        EV:  7    Int: 10    God:    Ashenzari [*.....]
Gold:   265        SH: 10    Dex: 12    Spells: 6/6 levels left

rFire    . . .     SeeInvis +   g - +2 whip (elec) (curse)
rCold    + . .     Gourm    .   c - +0 shield (curse)
rNeg     . . .     Faith    .   i - +1 chain mail {rC+} (curse)
rPois    .         Spirit   .   (helmet unavailable)
rElec    .         Reflect  .   t - +0 cloak (curse)
rCorr    .         Harm     .   p - +0 pair of gloves (curse)
MR       .....                  (no boots)
Stlth    ..........             (no amulet)
HPRegen  0.16/turn              (no ring)
MPRegen  0.10/turn              (no ring)

@: no status effects
A: permanent stasis, dig shafts and tunnels, four strong arms, antennae 3, claws
1, clever 1, deformed body, frail 1
a: Dig, Shaft Self, Curse Item, Scrying, Renounce Religion


You were on level 4 of the Dungeon.
You worshipped Ashenzari.
Ashenzari was aware of your devotion.
You were not hungry.

You visited 1 branch of the dungeon, and saw 4 of its levels.

You collected 265 gold pieces.

Inventory:

Hand Weapons
 g - a cursed +2 whip of electrocution (weapon)
 h - a +0 lajatang
Missiles
 k - a throwing net (quivered) {!f}
Armour
 c - a cursed +0 shield (worn)
 i - a cursed +1 chain mail of cold resistance (worn)
 p - a cursed +0 pair of gloves (worn)
 t - a cursed +0 cloak (worn)
Wands
 m - a wand of polymorph (35)
Scrolls
 a - a scroll of identify
 b - a scroll of enchant armour {unknown}
 f - 2 scrolls of remove curse
Potions
 d - 2 potions of might
 j - a potion of resistance {unknown}
 l - a potion of agility
 o - a potion of curing {unknown}
 s - a potion of brilliance
Comestibles
 e - 6 rations {!d}
 n - 2 chunks of flesh


   Skills:
 + Level 4.4 Fighting
 * Level 3.2(3.8) Maces & Flails
 + Level 2.7(3.5) Staves
 + Level 4.4 Armour
 + Level 2.0 Dodging
 + Level 4.7 Shields


You had 6 spell levels left.
You didn't know any spells.
Your spell library was empty.

Dungeon Overview and Level Annotations

Branches:
Dungeon (4/12)
 Temple: D:4-7

Altars:
Ashenzari
Gozag
Qazlal
Uskayaw

Shops:
D:4 [


Innate Abilities, Weirdness & Mutations

You cannot be hasted, slowed, berserked, paralysed or teleported.
You can dig through walls and to a lower floor.
Your four strong arms can wield two-handed weapons with a shield.
You have a pair of large antennae on your head. (SInv)
You have sharp fingernails.
Your mind is acute. (Int +2)
Armour fits poorly on your strangely shaped body.
You are frail. (-10% HP)


Message History

The gnoll is moderately wounded.
The gnoll hits you but does no damage. You block the gnoll's attack.
You barely miss the gnoll.
The gnoll is moderately wounded.
The gnoll completely misses you. You block the gnoll's attack.
The gnoll hits you with a +0 club.
* * * LOW HITPOINT WARNING * * *
You whack the gnoll!
The gnoll is severely wounded.
The gnoll barely misses you. The gnoll hits you but does no damage.
You block the gnoll's attack.
You hit the gnoll.
You kill the gnoll!
You block the gnoll's attack. x2
You block the gnoll's attack.
Items here: ))))) [[ † You closely miss the gnoll.
You are no longer glowing.
The gnoll hits you with a cursed -2 spear!
You die...

#.# #.# #.##.#
#.# #.##.# #.#
#.##.# ..#
#.##.# #.##.#
#.##.# ###
#.#..#######...#
#.#......g@g.#
#...####)#####
##..# #.# #..#
#.# #### ###


You could see 2 gnolls.

Vanquished Creatures
  Crazy Yiuf (D:2)
  A gnoll shaman (D:4)
  An orc priest (D:3)
  An orc wizard (D:4)
  Ijyb (D:3)
  7 adders
  7 gnolls (D:4)
  5 worms
  4 dart slugs (D:1)
  6 leopard geckos
  10 orcs
  2 ball pythons (D:2)
  2 giant cockroaches (D:1)
  6 goblins
  3 hobgoblins
  10 jackals
  2 quokkas
  3 bats (D:1)
  3 frilled lizards
  7 kobolds
  2 rats
  A fungus (D:2)
85 creatures vanquished.

Notes
Turn   | Place    | Note
-------+----------+-------------------------------------------
     0 | D:1      | Freyura the Formicid Fighter began the quest for the Orb.
     0 | D:1      | Reached XP level 1. HP: 18/18 MP: 1/1
    97 | D:1      | Reached XP level 2. HP: 24/24 MP: 2/2
   429 | D:1      | Reached XP level 3. HP: 25/29 MP: 3/3
   543 | D:1      | Reached skill level 1 in Maces & Flails
  1134 | D:2      | Reached skill level 1 in Dodging
  1134 | D:2      | Reached XP level 4. HP: 33/37 MP: 4/4
  1608 | D:2      | Found a runed door.
  1612 | D:2      | Noticed Crazy Yiuf
  1617 | D:2      | Killed Crazy Yiuf
  1617 | D:2      | Reached XP level 5. HP: 23/42 MP: 5/5
  1808 | D:3      | Found a shattered altar of Ashenzari.
  1808 | D:3      | Found an opulent altar of Gozag.
  1809 | D:3      | Found a hide-covered altar of Uskayaw.
  1816 | D:3      | Became a worshipper of Ashenzari the Shackled
  1885 | D:3      | Noticed Ijyb
  1927 | D:3      | Killed Ijyb
  2083 | D:3      | Reached XP level 6. HP: 18/48 MP: 6/6
  2099 | D:3      | Noticed an ogre
  2100 | D:3      | an ogre changed into a worm
  2349 | D:3      | Found a stormy altar of Qazlal.
  2518 | D:3      | Gained mutation: You are frail. (-10% HP) [potion of
                  | mutation]
  2518 | D:3      | Gained mutation: You have sharp fingernails. [potion of
                  | mutation]
  2518 | D:3      | Gained mutation: Armour fits poorly on your strangely
                  | shaped body. [potion of mutation]
  2518 | D:3      | Gained mutation: Your mind is acute. (Int +2) [potion of
                  | mutation]
  2573 | D:3      | Reached * piety under Ashenzari
  2829 | D:4      | Found Caukh's Armour Shop.
  3045 | D:4      | Reached XP level 7. HP: 13/49 MP: 7/7
  3056 | D:4      | Slain by a gnoll

Skill      XL: |  1  2  3  4  5  6 |
---------------+-------------------+-----
Maces & Flails | 1 2 3 |  3.2
Dodging        | 1 2 |  2.0
Shields        | 4 |  4.7
Fighting       | 4 |  4.4
Armour         | 4 |  4.4
Staves         | |  2.7

Action                   |  1- 3 |  4- 6 |  7- 9 || total
-------------------------+-------+-------+-------++-------
Melee: Quarterstaff      |    17 |       |       ||    17
       Whip              |    80 |   163 |    10 ||   253
       Unarmed           |       |    30 |       ||    30
Invok: Curse Item        |       |     5 |       ||     5
Evoke: Wand              |       |     1 |       ||     1
  Use: Scroll            |     1 |     9 |       ||    10
       Potion            |       |     1 |       ||     1
  Eat: Chunk             |       |     7 |       ||     7
Armor: Scale mail        |     4 |       |       ||     4
       Chain mail        |    59 |    66 |     6 ||   131
       Skin              |       |     3 |       ||     3
Dodge: Dodged            |    37 |    54 |     2 ||    93
Block: Shield            |    65 |    78 |     9 ||   152
